Map: 霓虹广场 - 天梯版

Players

INnoVation - Winner!

  • Race: Terran Terran
  • Spawn Location: 11:00

JinairRogue (Rogue)

  • Race: Zerg Zerg
  • Spawn Location: 5:00

Event: 2018 Hangzhou StarCraft Carnival

VOD

Have the link to the VOD?

Description

Time

  • Played on: April 30, 2018, 5:35 a.m.
  • Length: 5:53

All games in this series

Show
View Real Time Build Order
Export as new Build Order

INnoVation Terran - Winner!

Build Orders: Reaper Expand 

Get SALT Encoding   

  12  0:00  SCV  
  13  0:13  SCV  
  14  0:18  Supply Depot  
  14  0:25  SCV  
  15  0:39  SCV  
  15  0:41  Barracks  
  16  0:46  Refinery  
  16  0:51  SCV  
  17  1:03  SCV  
  18  1:16  SCV  
  19  1:28  Orbital Command  
  19  1:29  Reaper  
  20  1:41  Command Center  
  20  1:50  Supply Depot  
  20  1:53  SCV  
  21  2:01  Marine  
  21  2:06  SCV  
  21  2:08  Factory  
  23  2:12  Refinery  
  23  2:18  SCV  
  24  2:24  Barracks Reactor  
  24  2:30  SCV  
  25  2:42  SCV  
  26  2:53  Orbital Command  
  26  2:54  SCV  
  26  2:56  Starport  
  27  3:04  Hellion x2  
  31  3:06  SCV  
  31  3:08  Barracks Tech Lab  
  31  3:09  Supply Depot  
  32  3:18  SCV  
  32  3:19  SCV  
  34  3:26  Hellion x2  
  38  3:33  SCV  
  38  3:34  SCV  
  40  3:38  Viking  
  40  3:39  Supply Depot  
  42  3:46  SCV x2  
  44  3:51  Cyclone  
  44  3:52  Cyclone  
  50  3:59  SCV x2  
  52  4:03  Supply Depot  
  52  4:05  Armory  
  52  4:11  SCV x2  
  58  4:24  SCV x2, Hellion x2  
  58  4:29  Supply Depot  
  60  4:34  Command Center  
  60  4:40  Raven  
  66  4:45  Hellion x6  
  66  4:50  SCV x2  
  68  4:53  Supply Depot  
  68  4:55  Refinery  
  68  4:56  Refinery  
  68  5:02  SCV x2  
  70  5:09  Hellion x2  
  74  5:16  SCV x2, Supply Depot  
  75  5:28  SCV  
  75  5:29  SCV  
Show
View Real Time Build Order
Export as new Build Order

JinairRogue Zerg 

Build Orders: Hatch First, Roach Nydus 

Get SALT Encoding   

  12  0:00  Drone  
  13  0:13  Overlord  
  13  0:18  Drone  
  14  0:32  Drone x2  
  14  0:35  Drone  
  17  0:52  Hatchery  
  17  0:55  Drone  
  17  0:58  Drone  
  18  1:09  Extractor  
  17  1:14  Spawning Pool  
  17  1:17  Drone  
  17  1:20  Drone  
  18  1:29  Drone  
  19  1:40  Overlord  
  19  2:00  Queen  
  19  2:01  Zergling x4  
  22  2:04  Queen  
  22  2:05  Zergling x2  
  26  2:11  Drone  
  27  2:15  Drone  
  27  2:22  Drone  
  29  2:26  Drone  
  30  2:36  Spore Crawler, Drone  
  30  2:38  Drone, Queen  
  34  2:46  Overlord  
  34  2:48  Drone  
  35  2:55  Drone  
  36  3:02  Hatchery  
  36  3:05  Drone  
  36  3:06  Drone  
  36  3:10  Drone x3  
  36  3:11  Drone  
  41  3:13  Drone  
  42  3:20  Overlord  
  42  3:21  Drone x2  
  44  3:27  Lair  
  44  3:36  Overlord  
  44  3:40  Roach Warren  
  44  3:41  Drone x2  
  44  3:45  Drone x2  
  47  3:48  Queen  
  47  3:52  Extractor  
  47  3:53  Extractor  
  47  3:54  Drone  
  48  3:57  Drone  
  48  3:58  Drone  
  48  3:59  Drone  
  51  4:03  Drone  
  51  4:04  Overlord  
  52  4:14  Overlord x2  
  52  4:25  Roach x3, Nydus Network  
  52  4:30  Roach x2  
  61  4:34  Queen  
  61  4:38  Overseer  
  63  4:41  Roach  
  63  4:43  Roach  
  67  4:46  Roach  
  67  4:48  Queen  
  71  4:54  Overlord  
  71  4:59  Roach x2  
  75  5:06  Roach x2  
  75  5:07  Roach  
  81  5:11  Overlord  
  81  5:12  Overlord  
  81  5:21  Nydus Canal  
  81  5:22  Roach x2  
  76  5:31  Roach x3  
Tags
 
Add a new tag
Caveats
  • Supply blocks, unpowered buildings, or Contaminate may cause inaccurate times.
  • Supply counts are checked every 10 seconds.